[Event "*** Titled Tuesday 3|2 Blitz"]
[Site "Chess.com"]
[Date "2016.02.02"]
[Round "3"]
[White "oskariot"]
[Black "Keranke"]
[Result "0-1"]
[WhiteElo "2329"]
[BlackElo "2529"]
[TimeControl "180+2"]
[EndTime "11:36:10 PST"]
[Termination "Keranke won by resignation"]

1. e4 g6 2. d4 Bg7 3. Nc3 d6 4.
f4 a6 5. Nf3 b5 6. Bd3 Nd7 7.
e5 c5 8. exd6 cxd4 9. Ne4 Ngf6 10.
O-O O-O 11. dxe7 Qxe7 12. Re1 Bb7 13. Nfg5 Nc5 14. Nxc5 Qxc5 15. Bd2 Rfe8 16. Nf3 Nd5 17. Be4 d3+ 18. Kh1 Bxb2 19. Rb1 dxc2 20. Qxc2 Qxc2 21. Bxc2 Ba3 22. Bb3 Rad8 23. Ne5 Kg7 24. Ba5 Rd6 25. Rbd1 Nxf4 26. Bc3 Bxg2+ 27. Kg1 Bc5+ 0-1

[Event "*** Titled Tuesday 3|2 Blitz"]
[Site "Chess.com"]
[Date "2016.02.02"]
[Round "3"]
[White "Colombiano07"]
[Black "lionheart95"]
[Result "0-1"]
[WhiteElo "2175"]
[BlackElo "2188"]
[TimeControl "180+2"]
[EndTime "11:36:30 PST"]
[Termination "lionheart95 won by resignation"]

1. d4 Nf6 2. Bf4 g6 3. e3 Bg7 4. Nf3 O-O 5. Nc3 d6 6. Be2 Nbd7 7. h3 b6 8. Qd2 Bb7 9. O-O-O Re8 10. g4 e5 11. Bg5 e4 12. Ne1 a6 13. h4 h6 14. Bf4 Nh7 15. g5 h5 16. f3 exf3 17.
Bxf3 Bxf3 18. Nxf3 b5 19. Rhf1 Nb6 20. Qd3 b4 21. Ne4 Qe7 22. Nfd2 Qe6 23. Kb1 Nd5 24. Bg3 a5 25. Rf3 a4 26. Rdf1 Rf8 27. Nf6+ Ndxf6 28. gxf6 Nxf6 29. Bf4 Ng4 30. Bg5 Nh2 31. Rf6 Nxf1 32.
Rxe6 Nxd2+ 33. Qxd2 fxe6 34. c3 b3 35. a3 Rf1+ 0-1

[Event "*** Titled Tuesday 3|2 Blitz"]
[Site "Chess.com"]
[Date "2016.02.02"]
[Round "3"]
[White "StellarChessPro"]
[Black "Rating-Schmating"]
[Result "1/2-1/2"]
[WhiteElo "2229"]
[BlackElo "2152"]
[TimeControl "180+2"]
[EndTime "11:36:34 PST"]
[Termination "Game drawn by agreement"]

1. d4 e6 2. Nf3 Nf6 3. Nbd2 d5 4. e3 c5 5. Bd3 Nc6 6. c3 Bd6 7. Qe2 O-O 8. e4 dxe4 9. Nxe4 Nxe4 10. Bxe4 cxd4 11. cxd4 Bb4+ 12. Bd2 Bxd2+ 13. Qxd2 Qa5 14. Bxc6 Qxd2+ 15. Kxd2 bxc6 16. Rac1 Bd7 17. Ne5 Be8 18. Nxc6 Bxc6 19. Rxc6 Rab8 20. b3 Rfd8 21. Ke3 Rb4 22. Rd1 Kf8 23. Rc4 Rb6 24. Ra4 a6 25. Rc4 Rbd6 26.
f4 f6 27. b4 Kf7 28. a4 e5 29. fxe5 fxe5 30. b5 exd4+ 31. Rcxd4 Re6+ 32. Kf3 Ra8 33. Rd7+ Kf6 34. R7d6 axb5 35. Rxe6+ Kxe6 36. axb5 Ra3+ 37. Kf2 Rb3 38. Re1+ Kf6 39. Rc1 Rxb5 40. Rc6+ Kf7 41. g4 Rb2+ 42. Kg3 Rb3+ 43. Kf4 Rh3 44. Rc7+ Kg6 45.
Rc6+ Kf7 46. Rc2 Ra3 47. h4 Ra4+ 48. Kg3 Kf6 49. Rf2+ Ke7 50. g5 Rc4 51. h5 Rc3+ 52. Kg4 Rc4+ 53. Rf4 Rc1 54. g6 hxg6 55. hxg6 Rg1+ 56.
Kf5 Rg3 57. Re4+ Kd6 58. Re6+ Kd7 59. Ra6 Rf3+ 60. Ke5 Re3+ 61. Kf4 Re6 62. Ra7+ Ke8 63. Rxg7 Kf8 64. Rf7+ Kg8 65. Kf5 Re1 66. Rf6 Kg7 67.
Rf7+ Kg8 68. Ra7 Rf1+ 69. Kg5 Rg1+ 70. Kf6 Rf1+ 71. Kg5 Rg1+ 72. Kf5 Rf1+ 73. Ke4 Re1+ 74. Kf4 Rf1+ 75. Kg4 Rg1+ 76. Kh5 Rh1+ 77. Kg5 Rg1+ 78.
Kh6 Rh1+ 79. Kg5 Rg1+ 80. Kf6 Rf1+ 81. Ke7 Re1+ 82. Kd8 Rg1 83. Ra6 Kg7 1/2-1/2

[Event "*** Titled Tuesday 3|2 Blitz"]
[Site "Chess.com"]
[Date "2016.02.02"]
[Round "3"]
[White "Danirod"]
[Black "Alexander_Donchenko"]
[Result "0-1"]
[WhiteElo "2378"]
[BlackElo "2528"]
[TimeControl "180+2"]
[EndTime "11:36:36 PST"]
[Termination "Alexander_Donchenko won by resignation"]

1. e4 c6 2. Nc3 d5 3. Nf3 Nf6 4.
Qe2 dxe4 5. Nxe4 Nxe4 6. Qxe4 Nd7 7. Bc4 Nf6 8. Qe3 Bf5 9. d3 e6 10. O-O Bd6 11. Re1 O-O 12. h3 a5 13. a4 Qc7 14.
Bd2 Rfe8 15. Nh4 Bg6 16. Nxg6 hxg6 17. Qf3 Nd5 18. d4 Bf4 19. Bxf4 Nxf4 20. Rad1 Rad8 21. c3 Nd5 22. Bxd5 cxd5 23. Qd3 Qc6 24. Qb5 Qxb5 25. axb5 b6 26. f4 Kf8 27. Kf2 Rc8 28. Kf3 Rc4 29.
Rd3 Ra4 30. Rc1 Rc8 31. g4 Ke7 32. h4 Ra2 33. Rd2 a4 34. Ke3 a3 35. bxa3 Rxa3 36. Kd3 Rb3 37. Ra2 Rc7 38. h5 gxh5 39. gxh5 Rxb5 40.
Rg1 Kf6 41. Rag2 Rb3 42. Rxg7 Rbxc3+ 43. Kd2 Rc2+ 44. Kd1 Rc1+ 45. Ke2 R7c2+ 46. Ke3 Rc3+ 47. Ke2 R1c2+ 48. Kd1 Rh2 49. R7g2 Rxh5 50. Rd2 Rf3 51. Rg8 Rxf4 52. Rb8 Rhh4 0-1

[Event "*** Titled Tuesday 3|2 Blitz"]
[Site "Chess.com"]
[Date "2016.02.02"]
[Round "3"]
[White "maciek_92"]
[Black "amaidel"]
[Result "0-1"]
[WhiteElo "2463"]
[BlackElo "2411"]
[TimeControl "180+2"]
[EndTime "11:36:36 PST"]
[Termination "amaidel won by resignation"]

1. e4 e5 2. Nf3 Nf6 3. Nxe5 d6 4.
Nf3 Nxe4 5. Nc3 Nf6 6. d4 Be7 7.
Bd3 O-O 8. O-O d5 9. h3 Re8 10. Bf4 c6 11. Ne5 Nbd7 12. Ne2 Nf8 13. Bh2 Ng6 14. f4 Bd6 15. Ng3 Qb6 16. Kh1 Qxb2 17. Nf5 Bxf5 18. Bxf5 Ne4 19. Rb1 Qxa2 20. Bxe4 dxe4 21.
Rxb7 Bxe5 22. fxe5 Re7 23. Rxe7 Nxe7 24. Qg4 Qd5 25.
c3 a5 26. Rf6 a4 27. Rd6 Qc4 28. Qd7 Ng6 29. Rxc6 Qf1+ 30. Bg1 e3 31. e6 e2 32.
Rc8+ Rxc8 33. Qxc8+ Nf8 34. exf7+ Kxf7 0-1

[Event "*** Titled Tuesday 3|2 Blitz"]
[Site "Chess.com"]
[Date "2016.02.02"]
[Round "3"]
[White "kharposh"]
[Black "Nutflush"]
[Result "1-0"]
[WhiteElo "2078"]
[BlackElo "1891"]
[TimeControl "180+2"]
[EndTime "11:36:39 PST"]
[Termination "kharposh won by checkmate"]

1. e4 d5 2. exd5 Nf6 3. d4 Bg4 4. f3 Bf5 5. Ne2 c6 6. Ng3 Bg6 7. dxc6 Nxc6 8. Be3 e5 9. dxe5 Qxd1+ 10. Kxd1 O-O-O+ 11.
Nd2 Nxe5 12. Be2 Bb4 13. c3 Ba5 14. Bd4 Nc6 15. Nb3 Bb6 16. Rc1 Kb8 17. Ke1 Nxd4 18.
cxd4 Bxd4 19. Nxd4 Rxd4 20. f4 Rxf4 21. Bf3 Re8+ 22.
Ne2 Bd3 23. Kf2 Rxe2+ 24. Kg3 Rxf3+ 25. Kxf3 Rxb2 26. Rhd1 Be4+ 27. Kf4 Bxg2 28. Rd8# 1-0

[Event "*** Titled Tuesday 3|2 Blitz"]
[Site "Chess.com"]
[Date "2016.02.02"]
[Round "3"]
[White "gumersindo"]
[Black "LADIESGET2KNOWME"]
[Result "1-0"]
[WhiteElo "2239"]
[BlackElo "2321"]
[TimeControl "180+2"]
[EndTime "11:36:48 PST"]
[Termination "gumersindo won by resignation"]

1. d4 Nf6 2. c4 g6 3. Nc3 Bg7 4.
e4 d6 5. Nf3 O-O 6. Be2 e5 7. O-O Nc6 8. d5 Ne7 9. Ne1 Nd7 10. Be3 f5 11. f3 f4 12. Bf2 g5 13.
a4 Ng6 14. Nd3 Rf7 15. c5 Nf6 16. cxd6 cxd6 17. a5 Bf8 18. Nb5 g4 19. Nxa7 Bd7 20.
Bb6 Qe7 21. fxg4 Nxe4 22. Nf2 Nxf2 23. Rxf2 e4 24. Bb5 e3 25. Rc2 Bxb5 26. Nxb5 f3 27. gxf3 Ne5 28. Nd4 Bh6 29. Rg2 Kh8 30. Nf5 Rxf5 31.
gxf5 Rf8 32. Qe2 Rxf5 33. Rf1 Ng6 34. Bd4+ Bg7 35. Qxe3 Qxe3+ 36. Bxe3 Rxd5 37. Rc1 Rxa5 38. Rc8+ Bf8 39. Bh6 Ra2 1-0

[Event "*** Titled Tuesday 3|2 Blitz"]
[Site "Chess.com"]
[Date "2016.02.02"]
[Round "3"]
[White "kleinebeer98"]
[Black "manubibi"]
[Result "1-0"]
[WhiteElo "2454"]
[BlackElo "2417"]
[TimeControl "180+2"]
[EndTime "11:36:57 PST"]
[Termination "kleinebeer98 won by resignation"]

1. e4 c5 2. Nf3 d6 3. d4 cxd4 4.
Nxd4 Nf6 5. Nc3 a6 6. Rg1 b5 7.
g4 b4 8. Nd5 Nfd7 9. Nxb4 Bb7 10. Nd5 e6 11. Nc3 Nc6 12. Be3 Be7 13. Be2 Qa5 14. Nb3 Qc7 15. Qd2 O-O 16. O-O-O Rfc8 17. f4 Nb4 18. a3 a5 19. axb4 axb4 20. Nb5 Qc6 21.
Na7 Qa4 22. Qd4 Rxa7 23. Qxa7 Qxb3 24. Bd3 Bf6 25. e5 dxe5 26. Qxb7 Rxc2+ 27. Bxc2 Qxe3+ 28. Kb1 Nf8 29. g5 b3 30. Bxb3 Be7 31. Qxe7 Qxb3 32. Rd8 Qd3+ 33. Rxd3 1-0

[Event "*** Titled Tuesday 3|2 Blitz"]
[Site "Chess.com"]
[Date "2016.02.02"]
[Round "3"]
[White "spectralsoul"]
[Black "ZEN-22"]
[Result "1-0"]
[WhiteElo "2555"]
[BlackElo "2334"]
[TimeControl "180+2"]
[EndTime "11:37:09 PST"]
[Termination "spectralsoul won by resignation"]

1. c4 b5 2. cxb5 Bb7 3. Nc3 Nf6 4.
Nf3 g6 5. e3 Bg7 6. Be2 O-O 7.
O-O a6 8. bxa6 Nxa6 9. d4 c5 10.
d5 e6 11. dxe6 fxe6 12. a3 Qb8 13. h3 d5 14. Qc2 e5 15. Na4 e4 16. Nd2 Rc8 17. Nb6 c4 18. Nxc8 Bxc8 19. Nxc4 dxc4 20. Bxc4+ Kh8 21. Rd1 Bf5 22. Bd2 Nc5 23. Bc3 Nd3 24. f3 Qg3 25. Bxd3 exd3 26. Qf2 Qd6 27. e4 Nxe4 28. Bxg7+ Kxg7 29. fxe4 Bxe4 30. Qe3 Re8 31. Rd2 Re6 32. Rad1 Bf5 33. Qf2 h5 34. Re1 Be4 35. a4 Qb4 36. Rxd3 Rf6 37. Rd7+ Kg8 38. Rxe4 Qf8 39. Qxf6 1-0

[Event "*** Titled Tuesday 3|2 Blitz"]
[Site "Chess.com"]
[Date "2016.02.02"]
[Round "3"]
[White "Sawyer2908"]
[Black "Jahonas"]
[Result "0-1"]
[WhiteElo "2261"]
[BlackElo "2165"]
[TimeControl "180+2"]
[EndTime "11:37:11 PST"]
[Termination "Jahonas won by resignation"]

1. e4 c5 2. Nf3 d6 3. d4 cxd4 4. Nxd4 Nf6 5. Nc3 a6 6. h3 e6 7. g4 Nc6 8. Bg2 Qc7 9. Be3 Nd7 10. Qe2 Nde5 11. O-O-O Bd7 12. f4 Nxd4 13. Bxd4 Nc4 14.
Rhe1 Rc8 15. Kb1 b5 16. e5 dxe5 17. fxe5 Bb4 18. Rd3 O-O 19. Be4 Bc6 20. Red1 Bxc3 21. Bxc3 Bxe4 22. Qxe4 b4 23. Bxb4 Qxe5 24. Qxe5 Nxe5 25.
Bxf8 Nxd3 26. Rxd3 Kxf8 27. Rd6 a5 28. c3 h5 29. Kc2 hxg4 30. hxg4 Rc4 31. Rd4 Rxd4 32. cxd4 g5 33. a3 Ke7 34. Kd3 f5 35. d5 exd5 36. gxf5 g4 37. b4 g3 38. Ke3 axb4 39. axb4 d4+ 40.
Kf3 d3 41. b5 d2 42. b6 d1=Q+ 0-1

[Event "*** Titled Tuesday 3|2 Blitz"]
[Site "Chess.com"]
[Date "2016.02.02"]
[Round "3"]
[White "lorcho"]
[Black "Tesla37"]
[Result "1-0"]
[WhiteElo "2617"]
[BlackElo "2556"]
[TimeControl "180+2"]
[EndTime "11:37:18 PST"]
[Termination "lorcho won by resignation"]

1. e4 c5 2. Nc3 e6 3. g3 a6 4. Bg2 b5 5. d3 Bb7 6. f4 b4 7.
Nce2 d5 8. e5 Nc6 9. Nf3 Nge7 10. Be3 Nf5 11. Bf2 h5 12. d4 c4 13. c3 a5 14. h3 Be7 15. a3 f6 16. g4 hxg4 17.
hxg4 Rxh1+ 18. Bxh1 Nh6 19. Qc2 f5 20. gxf5 Nxf5 21.
Ng3 g6 22. Nxf5 gxf5 23. Ke2 Kd7 24. Nd2 Bh4 25. Be3 Qe7 26. axb4 axb4 27. Rxa8 Bxa8 28.
Qa4 Qe8 29. cxb4 Qb8 30. b5 Na7 31. b6+ Nc6 32. Qb5 Bd8 33. Nxc4 dxc4 34. d5 exd5 35. Qxd5+ Ke8 36. Qg8+ Kd7 37. Qf7+ Ne7 38. e6+ Kd6 39.
Qf6 Nd5 40. Qe5+ 1-0

[Event "*** Titled Tuesday 3|2 Blitz"]
[Site "Chess.com"]
[Date "2016.02.02"]
[Round "3"]
[White "tac49"]
[Black "Er_is_geen_hoop_meer"]
[Result "1-0"]
[WhiteElo "2464"]
[BlackElo "2298"]
[TimeControl "180+2"]
[EndTime "11:37:19 PST"]
[Termination "tac49 won by resignation"]

1. e4 c5 2. Nf3 e6 3. g3 g5 4.
d4 g4 5. Ne5 cxd4 6. Nxg4 Bg7 7. h4 h5 8. Nh2 Nc6 9. Bg2 Nf6 10. O-O d5 11. Nd2 e5 12. exd5 Nxd5 13. Ne4 Bf5 14.
c4 dxc3 15. Nc5 e4 16. Nxb7 Qd7 17. Nc5 Qd6 18. Nxe4 Bxe4 19. Bxe4 cxb2 20. Bxb2 Bxb2 21. Qxd5 Qxd5 22. Bxd5 Rc8 23. Rab1 Bd4 24. Nf3 Bb6 25. Rfc1 Ne7 26. Rxc8+ Nxc8 27. Re1+ Kf8 28. Ne5 Nd6 29. Nd7+ Kg7 30. Nxb6 axb6 31. Rb1 b5 32. Bb3 Ne4 33. Rd1 Nc5 34. Rd5 Rc8 35. Rxh5 b4 36.
Re5 Kf6 37. Re3 Rc7 38. Kg2 Kf5 39. Rf3+ Kg6 40. Rf4 Nd3 41. Rd4 Rc3 42. Rxd3 Rxd3 43. Bc2 1-0

[Event "*** Titled Tuesday 3|2 Blitz"]
[Site "Chess.com"]
[Date "2016.02.02"]
[Round "3"]
[White "RamonManon0g"]
[Black "kpio91"]
[Result "0-1"]
[WhiteElo "2132"]
[BlackElo "2510"]
[TimeControl "180+2"]
[EndTime "11:37:27 PST"]
[Termination "kpio91 won by resignation"]

1. d4 g6 2. Bg5 c6 3. c3 Bg7 4.
Nd2 d5 5. e4 Nd7 6. e5 f6 7.
exf6 Ngxf6 8. Bd3 O-O 9. Ngf3 Qe8 10. O-O Qf7 11. Re1 Re8 12. c4 h6 13. Bxf6 Bxf6 14.
Qe2 Kg7 15. Ne5 Bxe5 16. dxe5 Nc5 17. Bc2 Bf5 18. Nf3 Bxc2 19. Qxc2 dxc4 20. e6 Qf4 21. Ne5 Nd3 22. Nxd3 cxd3 23. Qxd3 Rad8 24. Qc3+ Qf6 25.
Qb4 b6 26. Re2 Rd4 27. Qa3 a5 28. Rae1 Red8 29. Qb3 Rb4 30. Qc2 Rd6 31. b3 Rbd4 32. h3 Qf4 33. Qc3 Qf6 34. Qe3 c5 35. Rc2 a4 36. bxa4 Rxa4 37. Qb3 Rb4 38. Qa3 Rbd4 39.
Rc3 Rd1 40. Re3 Rxe1+ 41. Rxe1 Rxe6 0-1

[Event "*** Titled Tuesday 3|2 Blitz"]
[Site "Chess.com"]
[Date "2016.02.02"]
[Round "3"]
[White "DanielRensch"]
[Black "VMikhalevski"]
[Result "0-1"]
[WhiteElo "2348"]
[BlackElo "2537"]
[TimeControl "180+2"]
[EndTime "11:37:34 PST"]
[Termination "VMikhalevski won by resignation"]

1. d4 Nf6 2. Nc3 d5 3. Bf4 c6 4. e3 g6 5. Bd3 Bg7 6. h3 O-O 7. Qf3 Nbd7 8. g4 Re8 9. Qg3 e5 10. dxe5 Nxe5 11. Bxe5 Ne4 12. Bc7 Nxg3 13. Bxd8 Nxh1 14.
Bh4 h6 15. g5 d4 16. Ne4 dxe3 17. fxe3 Bf5 18. gxh6 Bxe4 19. hxg7 Bxd3 20. cxd3 Rxe3+ 21. Kd2 Rae8 22. Rf1 Ng3 23. Rf2 Nf5 24. Bf6 R8e6 25. Bg5 Rg3 26. Nf3 Rxh3 27. Bf4 f6 28. Ng1 Rh1 29. Ne2 Kxg7 30. Nc3 Nd6 31. Kc2 g5 32. Bd2 Kg6 33. d4 Ne4 34. Re2 f5 35. d5 cxd5 36.
Nxd5 Rc6+ 37. Bc3 Nxc3 38. bxc3 Rd6 39. Ne7+ Kf6 40. Ng8+ Kf7 41. Ne7 Re6 0-1

[Event "*** Titled Tuesday 3|2 Blitz"]
[Site "Chess.com"]
[Date "2016.02.02"]
[Round "3"]
[White "swayamsm"]
[Black "Matibar"]
[Result "0-1"]
[WhiteElo "2561"]
[BlackElo "2495"]
[TimeControl "180+2"]
[EndTime "11:37:40 PST"]
[Termination "Matibar won by resignation"]

1. d4 f5 2. g3 Nf6 3. Bg2 g6 4. Nh3 Bg7 5. Nf4 Nc6 6. O-O d6 7. Nc3 e5 8. dxe5 dxe5 9. Qxd8+ Nxd8 10. Nfd5 Nxd5 11. Nxd5 Ne6 12. Be3 c6 13. Nc3 Nd4 14. Rac1 Be6 15. Bd2 O-O-O 16. Rfd1 Bc4 17. Bg5 Nxe2+ 18. Nxe2 Rxd1+ 19. Rxd1 Bxe2 20. Re1 Bc4 21. b3 Bf7 22. h4 Kc7 23. Rd1 Re8 24. Be3 b6 25.
Bg5 h6 26. Be3 Re7 27. a4 Rd7 28. Rxd7+ Kxd7 29. a5 Kc7 30. axb6+ axb6 31. Kf1 h5 32. Ke2 Bf6 33. Kd3 Bd5 34. f3 c5 35. c4 Bc6 36.
Ke2 Kd6 37. Kf2 Ke6 38. Bf1 f4 39. gxf4 Bxh4+ 40. Ke2 Bg3 41. Bh3+ Kf6 42. fxe5+ Bxe5 43. Bh6 g5 44. Bc8 Bd6 45. f4 gxf4 46. Kf2 Kg6 0-1

[Event "*** Titled Tuesday 3|2 Blitz"]
[Site "Chess.com"]
[Date "2016.02.02"]
[Round "3"]
[White "HansCoolNiemann"]
[Black "LawrenceTrent"]
[Result "1-0"]
[WhiteElo "2221"]
[BlackElo "2086"]
[TimeControl "180+2"]
[EndTime "11:37:40 PST"]
[Termination "HansCoolNiemann won by resignation"]

1. d4 Nf6 2. c4 g6 3. Nc3 Bg7 4. e4 d6 5. Nf3 O-O 6. Be2 e5 7. dxe5 dxe5 8. Qxd8 Rxd8 9. Bg5 Nbd7 10. O-O-O Rf8 11.
Ne1 Nc5 12. f3 Ne6 13. Be3 c6 14. Nc2 a5 15. Rd2 Nd7 16. Rhd1 Ndc5 17. b3 b6 18. Kb2 h5 19. a3 Bb7 20. b4 axb4 21. axb4 Na4+ 22.
Nxa4 Rxa4 23. Bf2 Rfa8 24. Bxb6 Ra2+ 25. Kb1 c5 26. Bxc5 Nxc5 27. bxc5 Bf8 28. Rd8 Kg7 29. Rxa8 Rxa8 30. Rd7 Bc6 31. Rc7 Be8 32. Ne1 Ra4 33. Kb2 Rb4+ 34. Kc2 Ba4+ 35. Kc1 Bb3 36. Kd2 Bxc4 37. Kc3 Rb1 38. Bxc4 1-0

[Event "*** Titled Tuesday 3|2 Blitz"]
[Site "Chess.com"]
[Date "2016.02.02"]
[Round "3"]
[White "Hikaru"]
[Black "igorkovalenko"]
[Result "1-0"]
[WhiteElo "2866"]
[BlackElo "2526"]
[TimeControl "180+2"]
[EndTime "11:37:44 PST"]
[Termination "Hikaru won by resignation"]

1. g3 e6 2. Bg2 d5 3. d3 Nf6 4. Nd2 c5 5. Ngf3 Nc6 6. e4 Be7 7. O-O O-O 8. e5 Nd7 9. Re1 b5 10. h4 a5 11. h5 b4 12. h6 g6 13. Nf1 Ba6 14. N1h2 a4 15. a3 bxa3 16. bxa3 Re8 17. Ng4 Nd4 18. Bf4 Rc8 19. c3 Nxf3+ 20. Bxf3 Qa5 21. Qd2 d4 22. c4 Qxd2 23. Bxd2 Rb8 24. Bd1 Nb6 25. Ba5 Kf8 26. f4 Rec8 27. Re2 Bd8 28.
Nf2 Bb7 29. Rb1 Bc6 30. Reb2 Nd7 31. Rxb8 Nxb8 32. Bxd8 Rxd8 33. Rb6 Rc8 34. Ng4 Ke7 35. Kf2 Kd8 36. Bf3 Bxf3 37. Kxf3 Kc7 38. Rb5 Kc6 39. Nf6 Rh8 40. Ne4 Nd7 41. Kg4 Ra8 42. Kg5 Rd8 43. Nf6 Nf8 44. g4 Ra8 45. Rb1 Kc7 46. Kh4 Kc6 47. Rb5 Rd8 48. Ra5 Kb6 49. Rb5+ Kc6 50. Ne4 Nd7 51. Ng5 f6 52. exf6 Rf8 53.
f7 e5 54. Ne6 Rxf7 55. Nd8+ 1-0

[Event "*** Titled Tuesday 3|2 Blitz"]
[Site "Chess.com"]
[Date "2016.02.02"]
[Round "3"]
[White "SabinoBrunello"]
[Black "Quiet_Desperation"]
[Result "1-0"]
[WhiteElo "2447"]
[BlackElo "2096"]
[TimeControl "180+2"]
[EndTime "11:37:46 PST"]
[Termination "SabinoBrunello won on time"]

1. d4 Nf6 2. c4 e6 3. Nf3 Bb4+ 4. Bd2 Qe7 5. g3 Nc6 6. Bg2 Bxd2+ 7. Qxd2 O-O 8. Nc3 d6 9. O-O e5 10. dxe5 dxe5 11.
Nd5 Nxd5 12. cxd5 Nb8 13. Qc3 f6 14. Nd2 Na6 15. Rac1 Rd8 16. a3 Bf5 17. Nb3 Rd6 18. Na5 b6 19. Nc4 Rad8 20. Nxd6 cxd6 21. b4 Rc8 22. Qf3 Qd7 23. Rxc8+ Qxc8 24. Qe3 h6 25. Rc1 Qd7 26. Qc3 Qb5 27. Qc4 Qa4 28. Qc3 Kh7 29. e3 Nb8 30. Bf1 a5 31. Bd3 e4 32. Be2 axb4 33. Qxb4 Qa7 34. Qxd6 Nd7 35. g4 1-0

[Event "*** Titled Tuesday 3|2 Blitz"]
[Site "Chess.com"]
[Date "2016.02.02"]
[Round "3"]
[White "Imre91"]
[Black "FabianEnglert"]
[Result "1-0"]
[WhiteElo "2507"]
[BlackElo "2337"]
[TimeControl "180+2"]
[EndTime "11:37:54 PST"]
[Termination "Imre91 won by resignation"]

1. c4 e6 2. Nf3 d5 3. g3 dxc4 4.
Qa4+ Nd7 5. Qxc4 a6 6. a4 Rb8 7.
a5 Ngf6 8. Bg2 c5 9. O-O Bd6 10. d3 O-O 11. Qc2 Qe7 12. Nbd2 Ne5 13. Nxe5 Bxe5 14.
Nc4 Bc7 15. Bd2 Bd7 16. Rab1 Nd5 17. Rfc1 Nb4 18. Qb3 Bc6 19. Bxb4 cxb4 20. Bxc6 bxc6 21. Nd2 c5 22. Qc4 Rb5 23. Nb3 Rc8 24. d4 Bxa5 25.
Ra1 Qc7 26. dxc5 h6 27. e3 Qd8 28. h4 Bb6 29. Rxa6 Rbxc5 30. Nxc5 Rxc5 31. Qf1 Rd5 32. Raa1 Qf6 33. b3 Rd2 34. Rd1 Rb2 35. Ra8+ Kh7 36.
Qd3+ g6 37. Rd2 Qc3 38. Rd1 Qf6 39. Rf1 Qf3 40. Rb8 Bc5 41. Rc8 Bb6 42. Rc2 Qf6 43. Rxb2 Qxb2 44. h5 Kg7 45. hxg6 fxg6 46. Kg2 Kf6 47.
Rh1 h5 48. Rh4 e5 49. Rxb4 1-0

[Event "*** Titled Tuesday 3|2 Blitz"]
[Site "Chess.com"]
[Date "2016.02.02"]
[Round "3"]
[White "Dr-Bassem"]
[Black "GianmarcoVaR"]
[Result "1-0"]
[WhiteElo "2446"]
[BlackElo "2218"]
[TimeControl "180+2"]
[EndTime "11:38:05 PST"]
[Termination "Dr-Bassem won by resignation"]

1. e4 c6 2. d4 d5 3. exd5 cxd5 4.
c4 Nf6 5. Nc3 e6 6. Nf3 Bb4 7.
cxd5 Nxd5 8. Bd2 Nc6 9. Bd3 O-O 10. O-O Be7 11. Re1 Nf6 12. Bg5 h6 13. Be3 b6 14.
Qd2 Nb4 15. Bb1 Ng4 16. Bf4 Nd5 17. Nxd5 exd5 18. Qd3 Nf6 19. Be5 g6 20. Qd2 Kh7 21. Bf4 Ne4 22. Rxe4 dxe4 23. Bxe4 Be6 24. Bxa8 Qxa8 25.
Bxh6 Rd8 26. Bg5 Qb7 27. Bxe7 Qxe7 28. Re1 Kg7 29. Ng5 Qf6 30. Nxe6+ fxe6 31. Re4 Rd5 32.
Qe3 Rd6 33. h4 Qf5 34. g3 Qd5 35. b3 Qf5 36. Qf4 Qd5 37. Re5 Qc6 38. h5 gxh5 39.
Rg5+ 1-0

[Event "*** Titled Tuesday 3|2 Blitz"]
[Site "Chess.com"]
[Date "2016.02.02"]
[Round "3"]
[White "Makalexa"]
[Black "AlexanderL"]
[Result "0-1"]
[WhiteElo "2070"]
[BlackElo "2578"]
[TimeControl "180+2"]
[EndTime "11:38:12 PST"]
[Termination "AlexanderL won by checkmate"]

1. e4 e6 2. d4 d5 3. Nc3 Nf6 4.
Bg5 dxe4 5. Nxe4 Be7 6. Bxf6 gxf6 7. Nf3 a6 8. Bd3 f5 9. Nc3 c5 10. dxc5 Bxc5 11. Qe2 Qe7 12. O-O-O Nc6 13. Rhe1 O-O 14. Kb1 Kh8 15. h4 Qf6 16. Ng5 Nd4 17. Qf1 Bb4 18. Nce4 fxe4 19. Nxe4 Qg7 20. c3 Ba5 21. cxd4 Bxe1 22. Qxe1 Bd7 23. Ng5 h6 24. Nf3 Bc6 25. Ne5 Rad8 26. Bc2 Rd6 27. Rd3 Qf6 28. Qe3 Qg7 29. Qd2 Be4 30. Rg3 Bxc2+ 31. Qxc2 Qh7 32. Rd3 f6 33. Ng4 Rc6 34. Qd1 Rfc8 35. Ne3 Qxd3+ 36. Qxd3 Rc1# 0-1

[Event "*** Titled Tuesday 3|2 Blitz"]
[Site "Chess.com"]
[Date "2016.02.02"]
[Round "3"]
[White "stepanosinovsky"]
[Black "stefanodinn"]
[Result "1/2-1/2"]
[WhiteElo "2261"]
[BlackElo "2132"]
[TimeControl "180+2"]
[EndTime "11:38:28 PST"]
[Termination "Game drawn by repetition"]

1. e4 e5 2. Nf3 Nc6 3. Bb5 a6 4.
Ba4 Nf6 5. O-O Be7 6. Re1 b5 7. Bb3 O-O 8. Nc3 d6 9. Nd5 Na5 10. d4 Nxb3 11. axb3 Bb7 12. Nxe7+ Qxe7 13. Bg5 h6 14. Bh4 Rad8 15. d5 Rc8 16. c4 c6 17.
h3 cxd5 18. cxd5 Rc5 19. Qd2 Rfc8 20. Rab1 Rc2 21. Qe3 Ba8 22. Rec1 b4 23. Rxc2 Rxc2 24. Rc1 Rxc1+ 25. Qxc1 Bb7 26. Bxf6 Qxf6 27. Qc7 Qf4 28.
Qxb7 Qc1+ 29. Kh2 Qf4+ 30. Kg1 Qc1+ 31. Kh2 Qf4+ 32. Kg1 Qc1+ 33. Kh2 Qf4+ 34. Kg1 Qc1+ 35. Kh2 Qf4+ 1/2-1/2

[Event "*** Titled Tuesday 3|2 Blitz"]
[Site "Chess.com"]
[Date "2016.02.02"]
[Round "3"]
[White "arnacman"]
[Black "Journey_to_GrandMaster_YT"]
[Result "1-0"]
[WhiteElo "2245"]
[BlackElo "2272"]
[TimeControl "180+2"]
[EndTime "11:38:30 PST"]
[Termination "arnacman won by resignation"]

1. e4 d6 2. d4 Nf6 3. Nc3 e5 4. Nf3 Nbd7 5. Bc4 Be7 6. a4 c6 7. O-O O-O 8. h3 a5 9. Qe2 exd4 10. Nxd4 Ne5 11. Bb3 c5 12. Ndb5 Be6 13. Bxe6 fxe6 14. Bf4 Nfd7 15. Bg3 Qb6 16. Rad1 Rad8 17. Kh1 Rf6 18.
Bh4 Rf7 19. Bxe7 Rxe7 20. Rxd6 Nc6 21. Rfd1 Nde5 22. f4 Ng6 23. f5 Nf8 24. fxe6 Rxe6 25. Qc4 Ne5 26. Qxe6+ Nxe6 27. Rxb6 Re8 28. Nd6 Rf8 29.
Nf5 Nf4 30. Rf1 Nfg6 31. Nd5 Kh8 32. Rxb7 Nc6 33. c3 Nce5 34. Rxg7 Nc4 35. Rb7 Nd2 36. Re1 Ne5 37. Re7 Nd3 38. Re2 Nf1 39. Kg1 Nc1 40.
Re1 Nd3 41. Rxf1 Nxb2 42. Nh6 Rxf1+ 43. Kxf1 Nxa4 44. Nf6 1-0

[Event "*** Titled Tuesday 3|2 Blitz"]
[Site "Chess.com"]
[Date "2016.02.02"]
[Round "3"]
[White "Parthenope"]
[Black "AndrewMcStone"]
[Result "0-1"]
[WhiteElo "1737"]
[BlackElo "2021"]
[TimeControl "180+2"]
[EndTime "11:38:31 PST"]
[Termination "AndrewMcStone won on time"]

1. e4 d5 2. exd5 Nf6 3. Bb5+ Nbd7 4. Nf3 a6 5. Be2 b5 6. a4 bxa4 7. c4 Nb6 8. d4 e6 9. dxe6 Bxe6 10. d5 Bf5 11. Nd4 Bb4+ 12. Bd2 Bxd2+ 13. Nxd2 Bg6 14. N2f3 O-O 15. O-O Re8 16. Qd2 Ne4 17. Qa5 Qd6 18. Rac1 Nc5 19. Rfe1 Re4 20. Bf1 Rae8 21. g3 h6 22. h4 Rxe1 23. Rxe1 Rxe1 24. Qxe1 Kh7 25. Qe8 Qf6 26. Qe3 Ne4 27. Qa3 Nd6 28. c5 Nxd5 29.
cxd6 cxd6 30. Qxa4 Be4 31. Bg2 Nb6 32. Qxa6 Nd5 33. Qe2 Bg6 34. Kh2 Ne7 35. b4 Bh5 36.
Qe3 Ng6 0-1

[Event "*** Titled Tuesday 3|2 Blitz"]
[Site "Chess.com"]
[Date "2016.02.02"]
[Round "3"]
[White "BartoszSocko"]
[Black "ChadaevNikolay"]
[Result "1-0"]
[WhiteElo "2729"]
[BlackElo "2530"]
[TimeControl "180+2"]
[EndTime "11:38:34 PST"]
[Termination "BartoszSocko won by checkmate"]

1. e4 e5 2. Nf3 Nc6 3. Bc4 Bc5 4.
c3 Nf6 5. d4 exd4 6. e5 d5 7. Bb5 Ne4 8. cxd4 Bb6 9. Nc3 O-O 10. Be3 Bg4 11. Qc2 Nxc3 12. bxc3 f6 13. Bxc6 bxc6 14. exf6 Qxf6 15. Ne5 Bf5 16. Qd2 c5 17. O-O cxd4 18. cxd4 h6 19. Rac1 c5 20. dxc5 Qxe5 21. cxb6 axb6 22. Bxb6 Rfc8 23. Bd4 Qd6 24. Qb2 Qg6 25. Qb7 Kh7 26. g3 Bh3 27. Rxc8 Rxc8 28.
Re1 Rc4 29. Qxd5 Rc2 30. a4 Qd3 31. Qe5 Qg6 32. a5 Ra2 33. Qd5 Ra4 34. Bc3 h5 35.
Qb5 Ra2 36. Re7 Qc2 37. Qxh5+ Kg8 38. Re8# 1-0